Map: Lost and Found LE

Players

Maya

  • Race: Zerg Zerg
  • League: Master
  • Spawn Location: 7:00

Hoshiqua - Winner!

  • Race: Terran Terran
  • League: Master
  • Spawn Location: 1:00

VOD

Have the link to the VOD?

Description

Time

  • Played on: Nov. 17, 2018, 7:08 a.m.
  • Length: 11:42
Show
View Real Time Build Order
Export as new Build Order

Maya Zerg 

Build Orders: Hatch First, Muta Ling Bane 

Get SALT Encoding   

  12  0:03  Drone  
  13  0:14  Overlord  
  13  0:17  Drone  
  14  0:32  Drone x2  
  16  0:50  Hatchery  
  16  0:51  Drone  
  16  0:54  Drone  
  17  0:58  Drone  
  18  1:08  Extractor  
  17  1:13  Spawning Pool  
  17  1:16  Drone  
  17  1:20  Drone  
  18  1:30  Drone  
  19  1:42  Overlord  
  19  1:54  Drone  
  20  2:02  Zergling x2, Queen  
  20  2:03  Zergling x2, Queen  
  26  2:11  Metabolic Boost  
  26  2:13  Drone  
  26  2:14  Drone  
  28  2:23  Drone  
  28  2:26  Drone  
  30  2:34  Hatchery  
  29  2:47  Overlord  
  29  2:50  Queen  
  31  2:52  Queen  
  31  2:55  Drone  
  34  3:01  Drone x2  
  36  3:10  Drone x4  
  40  3:15  Drone x2  
  40  3:16  Drone  
  40  3:18  Drone  
  44  3:21  Overlord  
  44  3:24  Overlord  
  44  3:28  Overlord  
  44  3:42  Queen x2  
  44  3:44  Overlord  
  44  3:47  Drone x2  
  44  3:48  Drone  
  51  3:50  Drone  
  51  3:51  Drone  
  51  3:55  Drone  
  54  3:56  Drone  
  54  4:00  Drone  
  54  4:01  Drone x3  
  59  4:03  Drone  
  59  4:04  Drone  
  59  4:05  Drone  
  59  4:09  Drone x2  
  64  4:10  Drone  
  64  4:14  Queen  
  67  4:18  Overlord  
  67  4:22  Drone x2  
  69  4:31  Zergling x10  
  74  4:42  Overlord x3, Evolution Chamber  
  74  4:43  Evolution Chamber, Extractor  
  71  4:52  Zergling x4  
  73  4:53  Zergling x2  
  73  4:57  Zergling x6  
  77  5:00  Zergling x4  
  77  5:01  Zergling x6  
  77  5:02  Overlord  
  77  5:04  Drone x2  
  84  5:22  Drone x2  
  84  5:23  Zerg Ground Armor Level 1, Drone x2  
  84  5:24  Zerg Melee Weapons Level 1  
  84  5:26  Drone x4  
  92  5:37  Drone x2  
  92  5:38  Drone x2  
  92  5:40  Drone x3  
  99  5:53  Drone x3  
  100  5:57  Drone  
  100  5:58  Drone, Overlord x2  
  100  6:04  Baneling Nest, Lair  
  102  6:07  Drone x2  
  102  6:10  Extractor  
  102  6:11  Extractor  
  101  6:13  Drone x2, Hatchery  
  101  6:18  Drone, Hatchery, Extractor  
  103  6:19  Drone, Extractor  
  101  6:28  Zergling x8  
  101  6:29  Overlord  
  101  6:32  Zergling x4  
  108  6:47  Drone x5  
  108  6:51  Overlord  
  108  6:52  Overlord x2  
  112  7:03  Centrifical Hooks  
  112  7:04  Zergling x2  
  112  7:05  Zergling x14  
  120  7:10  Overlord x2  
  120  7:11  Spire  
  119  7:21  Zergling x4  
  119  7:22  Zergling x6  
  120  7:30  Hatchery  
  120  7:31  Zergling x6  
  120  7:32  Zergling x8  
  125  7:38  Zergling x8  
  129  7:44  Baneling x18  
  129  7:46  Zergling x6  
  132  7:58  Drone x3  
  133  7:59  Drone x6  
  141  8:10  Drone x3  
  132  8:36  Drone  
  132  8:37  Drone x10  
  142  8:47  Zerg Ground Armor Level 2, Drone  
  142  8:48  Zerg Melee Weapons Level 2  
  139  8:50  Mutalisk  
  139  8:51  Mutalisk x4  
  139  8:53  Mutalisk  
  151  8:58  Extractor  
  151  8:59  Drone x4, Extractor  
  151  9:00  Extractor  
  151  9:02  Overlord x3  
  152  9:10  Baneling x3  
  152  9:11  Baneling  
  152  9:15  Infestation Pit  
  150  9:18  Zergling x28  
  150  9:19  Zergling x2  
  163  9:32  Baneling x6, Mutalisk  
  163  9:33  Mutalisk  
  163  9:34  Mutalisk  
  169  9:52  Mutalisk x3  
  174  9:55  Hatchery  
  174  9:59  Hive  
  173  10:00  Overlord x2  
  173  10:08  Baneling  
  173  10:09  Baneling x10  
  173  10:10  Baneling  
  173  10:15  Extractor  
  132  10:35  Zergling x8  
  132  10:36  Zergling x54  
  132  10:38  Baneling x5  
  132  10:39  Mutalisk x2  
  132  10:42  Mutalisk  
  169  10:44  Overseer  
  146  10:58  Zergling x24  
  146  11:00  Baneling x3  
  146  11:01  Baneling x17  
  146  11:02  Baneling  
  152  11:08  Zergling x18  
  152  11:09  Zergling x2  
  121  11:24  Zergling x14  
  121  11:26  Baneling x6  
Show
View Real Time Build Order
Export as new Build Order

Hoshiqua Terran - Winner!

Build Orders: Reaper Expand 

Get SALT Encoding   

  12  0:00  SCV  
  13  0:12  SCV  
  14  0:17  Supply Depot  
  14  0:25  SCV  
  15  0:38  SCV  
  15  0:39  Barracks  
  16  0:44  Refinery  
  16  0:50  SCV  
  17  1:02  SCV  
  18  1:14  SCV  
  19  1:27  Reaper, Orbital Command  
  20  1:42  Command Center  
  20  1:52  SCV  
  21  1:57  Barracks  
  21  2:00  Barracks Reactor  
  21  2:04  SCV  
  22  2:09  Supply Depot  
  22  2:16  SCV  
  23  2:24  Factory  
  23  2:29  Refinery  
  23  2:31  SCV  
  24  2:39  Marine x2  
  24  2:43  SCV  
  27  2:46  Barracks Tech Lab  
  27  2:55  SCV  
  27  2:56  Marine x2  
  30  2:59  Orbital Command  
  30  3:06  Marine  
  30  3:10  Stimpack  
  30  3:14  SCV, Marine  
  30  3:16  Marine  
  33  3:24  Marine  
  33  3:26  SCV  
  35  3:28  Starport, Factory Reactor  
  35  3:32  SCV  
  36  3:34  Marine  
  36  3:36  Marine  
  38  3:42  SCV, Marine  
  38  3:46  Supply Depot  
  38  3:48  SCV  
  41  3:53  Marine, Supply Depot  
  41  3:54  SCV  
  43  4:00  SCV  
  43  4:02  Marine  
  45  4:03  Marine  
  45  4:07  SCV  
  47  4:11  Medivac x2  
  47  4:12  SCV, Marine  
  47  4:16  Supply Depot  
  53  4:19  SCV  
  53  4:20  Marine  
  53  4:21  Marine  
  56  4:28  SCV  
  56  4:30  Marine  
  58  4:34  Engineering Bay  
  58  4:35  Engineering Bay  
  58  4:37  Marine  
  58  4:38  SCV  
  60  4:39  Marine  
  60  4:40  SCV  
  60  4:45  Supply Depot  
  62  4:51  Marine  
  63  4:54  SCV  
  63  4:55  SCV, Marine  
  63  4:58  Refinery  
  66  5:00  Refinery  
  66  5:01  Terran Infantry Weapons Level 1  
  66  5:02  Terran Infantry Armor Level 1  
  66  5:07  SCV  
  67  5:08  Marine  
  67  5:09  SCV  
  67  5:11  Marine  
  67  5:13  Marine  
  71  5:19  SCV  
  71  5:20  Factory Tech Lab  
  71  5:21  SCV, Combat Shield  
  73  5:26  Marine  
  74  5:29  Marine  
  74  5:31  Command Center, SCV  
  74  5:32  Supply Depot  
  74  5:35  SCV, Marine  
  78  5:45  Supply Depot  
  78  5:54  Siege Tank, SCV, Marine x3  
  85  5:58  Barracks  
  85  6:04  SCV  
  86  6:05  Barracks  
  86  6:06  Barracks  
  86  6:09  Armory  
  86  6:11  SCV  
  87  6:12  Marine x2  
  87  6:13  Marine  
  87  6:16  SCV  
  91  6:23  Medivac  
  93  6:26  SCV  
  94  6:35  Supply Depot  
  94  6:38  Supply Depot  
  94  6:42  Siege Tank, SCV, Marine, Medivac  
  94  6:45  Marine  
  94  6:46  Barracks Reactor  
  102  6:48  SCV  
  102  6:52  Barracks Reactor  
  102  6:53  Barracks Reactor  
  103  6:55  SCV  
  103  6:59  Marauder, Concussive Shells  
  103  7:00  SCV  
  107  7:03  Marine  
  107  7:06  Orbital Command, Terran Vehicle Weapons Level 1  
  107  7:07  SCV  
  109  7:10  Supply Depot  
  109  7:11  Marine  
  110  7:20  Marine  
  110  7:21  Marine  
  112  7:29  Marine  
  113  7:36  Marine x4  
  111  7:37  Siege Tank, Marine  
  111  7:38  SCV x3, Marine x2  
  111  7:39  Marine  
  111  7:42  Medivac  
  111  7:43  Supply Depot, Medivac  
  125  7:50  SCV x2  
  125  7:51  SCV  
  128  7:55  Marine x4  
  128  7:56  Marine x3  
  133  7:58  Terran Infantry Weapons Level 2, Terran Infantry Armor Level 2  
  133  7:59  Supply Depot  
  133  8:01  Supply Depot  
  133  8:04  Marine x2  
  133  8:05  SCV, Refinery x2  
  136  8:13  Marine  
  136  8:17  SCV x2, Marine x2  
  141  8:20  Marine  
  141  8:21  Marine x3  
  141  8:22  Marine x2, Supply Depot  
  141  8:24  Siege Tank, Supply Depot  
  150  8:31  Marine  
  150  8:35  Marine  
  151  8:41  Marine x3  
  151  8:42  Marine x4  
  152  8:49  Marine  
  152  8:52  Medivac x2  
  152  8:53  Marine  
  158  8:57  Supply Depot  
  158  8:58  Barracks  
  158  8:59  Siege Tank, Marine x5, Barracks  
  158  9:00  Marine, Barracks  
  158  9:01  Marine  
  168  9:07  Marine  
  168  9:08  SCV  
  168  9:09  SCV  
  171  9:10  Marine  
  171  9:17  Marine  
  171  9:21  Marine x5  
  177  9:24  Supply Depot  
  177  9:26  Marine  
  177  9:27  Marine  
  177  9:28  Factory, Marine  
  177  9:31  SCV  
  181  9:32  SCV  
  181  9:35  Marine  
  183  9:38  Supply Depot x2  
  183  9:40  Supply Depot  
  183  9:45  Marauder  
  185  9:55  Marine x2  
  185  9:56  Barracks Tech Lab  
  185  9:57  Barracks Tech Lab  
  185  9:59  Marine x2  
  192  10:00  Siege Tank, Supply Depot, Medivac x2  
  192  10:02  Supply Depot, Barracks Tech Lab  
  192  10:06  Marauder  
  196  10:12  Missile Turret  
  196  10:15  Missile Turret x2  
  196  10:23  Marine x2  
  161  10:38  Marine x3  
  161  10:39  Marauder, Marine x2  
  161  10:40  Siege Tank, Marauder x3  
  165  10:59  Marine x4  
  165  11:00  Medivac x2  
  165  11:01  Marauder x2  
  165  11:02  Marine  
  178  11:07  Marine x3  
  180  11:18  Marine  
  180  11:19  Marine x4  
  180  11:20  Marine x2  
  180  11:22  SCV  
Tags
 
Add a new tag
Caveats
  • Supply blocks, unpowered buildings, or Contaminate may cause inaccurate times.
  • Supply counts are checked every 10 seconds.